 Dungeon Crawl Stone Soup version 0.29-a0-380-gf50f0a9fbc (webtiles) character file.

Game seed: 7458561965795670068

68 Antichthon the Bolt Thrower (level 4, -3/35 HPs)
             Began as a Formicid Abyssal Knight on May 5, 2022.
             Was a Believer of Lugonu.
             Killed from afar by Natasha (8 damage)
             ... with a magic dart
             ... on level 2 of the Dungeon.
             The game lasted 00:02:45 (2618 turns).

Antichthon the Bolt Thrower (FoAK)                  Turns: 2618, Time: 00:02:46

Health: -3/35      AC:  3    Str: 18    XL:     4   Next: 41%
Magic:  5/5        EV: 11    Int:  9    God:    Lugonu [**....]
Gold:   76         SH:  0    Dex: 13    Spells: 3/3 levels left

rFire   . . .      SeeInvis +   a - +1 mace (elec)
rCold   . . .      Faith    .   (no shield)
rNeg    . . .      Spirit   .   b - +0 leather armour
rPois   .          Reflect  .   (helmet unavailable)
rElec   .          Harm     .   (no cloak)
rCorr   .          Rampage  .   (no gloves)
Will    .....                   (no boots)
Stlth   +.........              (no amulet)
HPRegen 0.11/turn               (no ring)
MPRegen 0.09/turn               (no ring)

@: no status effects
A: permanent stasis, dig shafts and tunnels, antennae 3, four strong arms
a: Dig, Shaft Self, Renounce Religion, Depart the Abyss, Bend Space


You were on level 2 of the Dungeon.
You worshipped Lugonu.
Lugonu was pleased with you.
You visited 1 branch of the dungeon, and saw 2 of its levels.
You visited the Abyss 1 time.

You collected 76 gold pieces.

Inventory:

Hand Weapons
 a - a +1 mace of electrocution (weapon)
Armour
 b - a +0 leather armour (worn)
Scrolls
 c - 4 scrolls of identify
 e - a scroll of noise {unknown}
 g - a scroll of acquirement {unknown}
 h - a scroll of fear
Potions
 d - a potion of lignification
 f - 2 potions of curing
 i - a potion of haste {unknown}


   Skills:
 * Level 3.3 Fighting
 - Level 2.0 Maces & Flails
 * Level 3.6 Crossbows
 * Level 2.1 Armour
 * Level 0.8 Dodging
 * Level 2.1 Invocations


You had 3 spell levels left.
You didn't know any spells.
Your spell library was empty.

Dungeon Overview and Level Annotations

Branches:
Dungeon (2/15)

Altars:

Annotations:
D:2 Natasha


Innate Abilities, Weirdness & Mutations

You cannot be hasted, slowed, berserked, paralysed or teleported.
You can dig through walls and to a lower floor.
You have a pair of large antennae on your head. (SInv)
Your four strong arms can wield two-handed weapons with a shield.


Message History

g - a scroll labelled JUTYIN UGRULY You sense a monster nearby.
An endoplasm comes into view.
The endoplasm quivers.
You hit the endoplasm.
The endoplasm is moderately wounded.
The endoplasm barely misses you. x2
You sock the endoplasm!
Lightning courses through the endoplasm!
You kill the endoplasm!
Lugonu accepts your kill.
Found a short jewelled staff.
You see here a staff of death.
Found a falchion.
Natasha, Servant of Life and Death comes into view.
She is carrying a wand of digging (2).
Natasha is nearby!
Unknown command.
Found a scroll labelled GAAFICVOAWN.
Natasha hisses angrily.
Natasha howls an incantation.
Natasha's front paws start to glow.
You see here a metallic emerald potion.
i - a metallic emerald potion Natasha claws you!
You barely miss Natasha. Natasha claws you!
You barely miss Natasha. Natasha barely misses you. Natasha claws you!
You closely miss Natasha. Natasha claws you.
* * * LOW HITPOINT WARNING * * *
You sock Natasha!
Natasha is heavily wounded.
Natasha claws you.
* * * LOW HITPOINT WARNING * * *
You barely miss Natasha.
Natasha is heavily wounded.
Natasha barely misses you. x2
You hit Natasha.
Natasha is severely wounded.
Natasha casts a spell at you. The magic dart hits you!
You die...

###############.# #.#
#.# ####### #.# ........
####.# ........ ..##.#
...####.## #.##.########
...##....###.##....?....
...##.#.........@#######
...##.#...##.###h#
........>.#<...#.#
..........†..#.#)#
#.###.#...####.#.#
..........####.#.#
#.###.#........#.#
..........######.#
#.#.#.)......#


You could see Natasha.

Vanquished Creatures
  Jessica (D:2)
  A dart slug (D:1)
  4 ball pythons (D:1)
  4 endoplasms
  2 giant cockroaches (D:1)
  2 goblins
  5 hobgoblins
  4 kobolds
  2 quokkas (D:1)
  5 bats (D:1)
  A frilled lizard (D:1)
  6 rats (D:1)
37 creatures vanquished.

Vanquished Creatures (others)
  A withered plant (D:1)
1 creature vanquished.

Grand Total: 38 creatures vanquished

Notes
Turn   | Place    | Note
-------+----------+-------------------------------------------
     0 | Abyss:1  | Antichthon the Formicid Abyssal Knight began the quest for
                  | the Orb.
     0 | Abyss:1  | Reached XP level 1. HP: 18/18 MP: 2/2
    88 | Abyss:1  | Noticed an eye of devastation
    88 | Abyss:1  | Noticed a centaur warrior skeleton
    89 | D:1      | Escaped the Abyss
   108 | D:1      | Noticed a yaktaur
   108 | D:1      | Noticed a hell rat
   108 | D:1      | Noticed a ragged hierophant
   108 | D:1      | Noticed a tyrant leech
   108 | D:1      | Noticed a basilisk
   192 | D:1      | Reached ** piety under Lugonu
   193 | D:1      | Reached skill level 1 in Crossbows
   291 | D:1      | Reached XP level 2. HP: 3/24 MP: 3/3
  1147 | D:1      | Reached XP level 3. HP: 20/29 MP: 4/4
  1283 | D:1      | Found a faded altar of an unknown god.
  2172 | D:2      | Noticed Jessica
  2188 | D:2      | Killed Jessica
  2189 | D:2      | Reached XP level 4. HP: 23/35 MP: 5/5
  2595 | D:2      | Noticed Natasha
  2618 | D:2      | Killed from afar by Natasha

Illustrated notes

Levels and vault maps discovered:
D:1:      onia_arrival_zoo_common, layout_basic,
          shapermc_ecumenical_altar_flowoftime, lemuel_another_geyser
D:2:      layout_basic, uniq_jessica, uniq_natasha

Skill      XL: |  1  2  3 |
---------------+----------+-----
Crossbows      | 1 2 3 |  3.6
Fighting       | |  3.3
Maces & Flails | |  2.0
Armour         | |  2.1
Dodging        | |  0.8
Invocations    | |  2.1

Action                   |  1- 3 |  4- 6 || total
-------------------------+-------+-------++-------
Melee: Mace              |    94 |    11 ||   105
       Punch             |     1 |       ||     1
Invok: Depart the Abyss  |     1 |       ||     1
  Use: Potion            |     1 |       ||     1
       Scroll            |     1 |     4 ||     5
 Stab: Sleeping          |     2 |       ||     2
Armor: Leather armour    |    43 |       ||    43
Dodge: Dodged            |    80 |     6 ||    86

Table legend: (Time is in decaauts)
 A = Elapsed time spent in this place.
 B = Non-inter-level travel time spent in this place.
 C = Inter-level travel time spent in this place.
 D = Time resting spent in this place.
 E = Time spent auto-exploring this place.
 F = Levels seen in this place.
 G = Mean time per level.
                   A        B        C        D        E       F      G
               +--------+--------+--------+--------+--------+-----+--------+
         Total |   2650 |   2633 |     17 |    100 |   2104 |   3 |  883.3 |
       Dungeon |   2561 |   2544 |     17 |    100 |   2019 |   2 | 1280.5 |
         Abyss |     89 |     89 |      0 |      0 |     85 |   1 |   89.0 |
               +--------+--------+--------+--------+--------+-----+--------+

Top non-repeatable levels by time:
     D:1: 1792 daAuts
     D:2: 768 daAuts
 Abyss:1: 89 daAuts
